 Dungeon Crawl Stone Soup version 0.31-a0-659-gc5a091b79a (webtiles) character file.

Game seed: 12121518820206012387

178138 ouz the Fencer (level 17, -8/159 HPs)
             Began as a White Draconian Gladiator on Aug 31, 2023.
             Was the Champion of Wu Jian.
             Mangled by a +2 executioner's axe of electrocution (38 damage)
             ... on level 2 of the Elven Halls.
             The game lasted 00:42:08 (30712 turns).

ouz the Fencer (White Draconian Gladiator)         Turns: 30712, Time: 00:42:09

Health: -8/159     AC: 17    Str: 20    XL:     17   Next: 56%
Magic:  3/17       EV: 34    Int:  8    God:    Wu Jian [******]
Gold:   1244       SH:  5    Dex: 23    Spells: 16/16 levels left

rFire   + . .        w - +1 great sword (vamp)
rCold   + + .        (shield currently unavailable)
rNeg    . . .        (body armour unavailable)
rPois   .            A - +1 hat "Buefer" {Str+2 Dex+3}
rElec   .            g - +2 cloak
rCorr   .            I - +2 pair of gloves
SInv    .            R - +0 pair of boots
Will    +....        x - amulet "Qarphorut" {Reflect rF+ rC+ SH+5 Stlth+}
Stlth   +++++++      E - +5 ring of evasion
HPRegen 0.46/turn    K - +5 ring of evasion
MPRegen 0.15/turn

%: reflection
@: mighty
A: breathe frost, AC +9, unfitting armour, cold resistance 1, cold-blooded,
horns 1, noise suppression
a: Breathe Frost, Renounce Religion, Wall Jump, Serpent's Lash, Heavenly Storm


You were on level 2 of the Elven Halls.
You worshipped Wu Jian.
Wu Jian was exalted by your worship.
You visited 6 branches of the dungeon, and saw 27 of its levels.
You visited the Abyss 2 times.
You also visited: Bailey, Gauntlet and Ice Cave.

You collected 3099 gold pieces.
You spent 1855 gold pieces at shops.

Inventory:

Hand Weapons
 e - the +8 falchion "Ogrebane" {protect, rPois SInv}
   (You acquired it on level 2 of the Dungeon)

   rPois:     It protects you from poison SInv: It lets you see invisible.
 q - the +8 short sword of Indignation {freeze, Drain Fly Str+6 Stlth+}
   (You found it on level 6 of the Dungeon)

   Str+6:     It affects your strength (+6).
   Fly:       It grants you flight.
   Drain:     It drains your maximum health when unequipped.
   Stlth+:    It makes you more stealthy.
 w - a +1 vampiric great sword (weapon)
Missiles
 d - 20 javelins
 m - 52 poisoned darts
 N - 11 atropa-tipped darts
Armour
 b - a +2 hat
 g - a +2 cloak (worn)
 A - the +1 hat "Buefer" (worn) {Str+2 Dex+3}
   (You found it on level 1 of the Elven Halls)

   Str+2:     It affects your strength (+2).
   Dex+3:     It affects your dexterity (+3).
 I - a +2 pair of gloves (worn)
 R - a +0 pair of boots (worn)
Jewellery
 n - a +6 ring of intelligence
 x - the amulet "Qarphorut" (around neck) {Reflect rF+ rC+ SH+5 Stlth+}
   (You bought it in a shop on level 1 of the Elven Halls)

   [amulet of reflection]

   Reflect:   It reflects blocked missile attacks.
   rF+:       It protects you from fire.
   rC+:       It protects you from cold.
   SH+5:      It affects your SH (+5).
   Stlth+:    It makes you more stealthy.
 C - a +4 ring of protection
 E - a +5 ring of evasion (left hand)
 J - a ring of protection from cold
 K - a +5 ring of evasion (right hand)
 M - the amulet "Deicasargh" {Spirit rN++ Int+5}
   (You found it in a Gauntlet)

   [amulet of guardian spirit]

   Spirit:    It causes incoming damage to be divided between your reserves of
   health and magic.
   Int+5:     It affects your intelligence (+5).
   rN++:      It greatly protects you from negative energy.
 O - a ring of protection from cold
 T - an amulet of the acrobat
Wands
 f - a wand of polymorph (4)
 o - a wand of charming (24)
 p - a wand of acid (21)
 t - a wand of digging (10)
 B - a wand of mindburst (10)
 D - a wand of flame (38)
 F - a wand of roots (31)
Scrolls
 k - 10 scrolls of teleportation
 l - 14 scrolls of identify
 r - a scroll of amnesia
 u - 6 scrolls of blinking
 y - a scroll of brand weapon
 P - 2 scrolls of enchant armour
 Q - 3 scrolls of vulnerability
Potions
 a - a potion of haste
 c - 2 potions of cancellation
 h - 3 potions of enlightenment
 i - a potion of might
 j - 3 potions of ambrosia
 s - 5 potions of curing
 v - 2 potions of mutation
 z - 3 potions of lignification
 G - 5 potions of heal wounds
 H - a potion of brilliance
 L - a potion of invisibility


   Skills:
 * Level 16.4 Fighting
 + Level 20.2 Long Blades
 - Level 1.7 Throwing
 * Level 14.1 Dodging
 + Level 14.6 Stealth


You had 16 spell levels left.
You didn't know any spells.
Your spell library contained the following spells:

 Spells                   Type           Power      Damage    Failure   Level
 Kiss of Death            Conj/Necr      0%         2d5       41%         1
 Magic Dart               Conj           0%         1d3       41%         1
 Summon Small Mammal      Summ           0%         N/A       41%         1
 Blink                    Tloc           0%         N/A       54%         2
 Call Imp                 Summ           0%         N/A       54%         2
 Cigotuvi's Dreadful Rot  Necr/Pois/Air  0%         N/A       54%         2
 Lesser Beckoning         Tloc           0%         N/A       54%         2
 Momentum Strike          Conj/Tloc      0%         3d8       54%         2
 Call Canine Familiar     Summ           0%         N/A       78%         3
 Confusing Touch          Hex            0%         N/A       78%         3
 Ignite Poison            Fire/Tmut/Pois 0%         N/A       78%         3
 Mephitic Cloud           Conj/Pois/Air  0%         N/A       78%         3
 Portal Projectile        Hex/Tloc       0%         N/A       78%         3
 Summon Guardian Golem    Hex/Summ       0%         N/A       78%         3
 Anguish                  Hex/Necr       0%         N/A       99%         4
 Animate Dead             Necr           0%         N/A       99%         4
 Cause Fear               Hex            0%         N/A       99%         4
 Dispel Undead            Necr           0%         3d6       99%         4
 Manifold Assault         Tloc           0%         N/A       99%         4
 Passage of Golubria      Tloc           0%         N/A       99%         4
 Sticky Flame             Conj/Fire      0%         2d3       99%         4
 Summon Lightning Spire   Summ/Air       0%         N/A       99%         4
 Borgnjor's Vile Clutch   Necr/Erth      0%         N/A       100%        5
 Fireball                 Conj/Fire      0%         3d3       100%        5
 Freezing Cloud           Conj/Ice/Air   0%         6-21      100%        5
 Lee's Rapid Deconstruct  Erth           0%         3d4*      100%        5
 Silence                  Hex/Air        0%         N/A       100%        5
 Summon Forest            Summ/Tloc      0%         N/A       100%        5
 Summon Mana Viper        Hex/Summ       0%         N/A       100%        5
 Death Channel            Necr           0%         N/A       100%        6
 Dispersal                Tloc           0%         N/A       100%        6
 Summon Cactus Giant      Summ           0%         N/A       100%        6
 Disjunction              Tloc           0%         N/A       100%        8
 Ignition                 Fire           0%         3d3       100%        8
 Lehudib's Crystal Spear  Conj/Erth      0%         10d2      100%        8
 Dragon's Call            Summ           0%         N/A       100%        9
 Animate Armour           Summ/Erth      Unusable   N/A       N/A         4

Dungeon Overview and Level Annotations

Branches:
Dungeon (15/15)            Temple (1/1) D:6            Lair (5/5) D:11
  Swamp (2/4) Lair:2       Spider (0/4) Lair:2        Slime (0/5) Lair:4
    Orc (2/2) D:9             Elf (2/3) Orc:2        Vaults (0/5) D:14
 Depths (0/4) D:15         Bailey (visited)           IceCv (visited)
Gauntlet (visited)

Altars:
Ashenzari
Cheibriados
Dithmenos
Elyvilon
Fedhas
Gozag
Hepliaklqana
Kikubaaqudgha
Makhleb
Nemelex Xobeh
Okawaru
Qazlal
Ru
Sif Muna
Trog
Uskayaw
Vehumet
Wu Jian
Xom
Yredelemnul
Zin
The Shining One

Shops:
D:7 (   D:10 *(   Orc:1 :(=[   Orc:2 :(=[   Elf:1 (*=

Portals:
Trove: D:15 (give 3 potions of resistance)

Annotations:
Elf:1 1 runed translucent door
Elf:2 3 runed translucent doors


Innate Abilities, Weirdness & Mutations

You can breathe waves of freezing cold which knock back foes.
Your icy white scales are hard. (AC +9)
You cannot fit into any form of body armour.
Your flesh is cold resistant. (rC+)
You are cold-blooded and may be slowed by cold attacks.
You have a pair of small horns on your head.
You passively dampen the noise of your surroundings.


Message History

The deep elf knight misses you.
You spin and attack the +2 executioner's axe of electrocution.
You hit the +2 executioner's axe of electrocution.
You headbutt the +2 executioner's axe of electrocution, but do no damage.
The +2 executioner's axe of electrocution is severely damaged.
You spin and attack the deep elf knight repeatedly.
You cut the deep elf knight into ribbons!!!
You kill the deep elf knight!
The Council accepts your kill.
The +2 executioner's axe of electrocution barely misses you.
You see here a +0 scimitar.
You spin and attack the +2 executioner's axe of electrocution.
You miss the +2 executioner's axe of electrocution.
You headbutt the +2 executioner's axe of electrocution, but do no damage.
The +2 executioner's axe of electrocution is severely damaged.
The +2 executioner's axe of electrocution closely misses you.
Items here: )) [[.
Unknown command.
You spin and attack the +2 executioner's axe of electrocution.
You hit the +2 executioner's axe of electrocution but do no damage.
Your headbutt misses the +2 executioner's axe of electrocution.
You tail-slap the +2 executioner's axe of electrocution, but do no damage.
The +2 executioner's axe of electrocution is severely damaged.
The +2 executioner's axe of electrocution hits you!!
You spin and attack the +2 executioner's axe of electrocution repeatedly.
You closely miss the +2 executioner's axe of electrocution.
Your headbutt misses the +2 executioner's axe of electrocution.
Your tail-slap misses the +2 executioner's axe of electrocution.
The +2 executioner's axe of electrocution is heavily damaged.
You barely miss the +2 executioner's axe of electrocution.
You headbutt the +2 executioner's axe of electrocution.
Your tail-slap misses the +2 executioner's axe of electrocution.
The +2 executioner's axe of electrocution is severely damaged.
The +2 executioner's axe of electrocution hits you!!
* * * LOW HITPOINT WARNING * * *
You closely miss the +2 executioner's axe of electrocution.
You headbutt the +2 executioner's axe of electrocution.
The +2 executioner's axe of electrocution is severely damaged.
The +2 executioner's axe of electrocution hits you!!!
You die...

#### ##### #### #...##
##...## #...##
#.....###.....###.....##
.......................#
........................
........................
........................
#...........).)........#
#.........)).)(@.....#
#.........)..........#
##....................#
#.........###..........#
....)....## ##..........
.........# #..........
.).......## #..........
#.))......###..........#
##....................#


You could see a +2 executioner's axe of electrocution.

Vanquished Creatures
  Nikola (Swamp:2)
  A bone dragon (Abyss:3)
  Jorgrun (D:13)
  2 tentacled starspawn (Abyss:3)
  Gastronok (Lair:2)
  Donald (Swamp:1)
  The ghost of confidenceinterval the Tortoise, a journeyman MiCA of Ignis (Elf:1)
  2 deep elf sorcerers (Elf:1)
  A frost giant (IceCv)
  4 eleionomae
  A minotaur (Gauntlet)
  A bunyip (Swamp:2)
  A deep elf annihilator (Elf:1)
  An ettin (Orc:1)
  2 fire dragons
  A deep elf high priest (Elf:1)
  2 vault guards (D:14)
  6 hydras
  An ice dragon (D:15)
  7 ogre magi
  Erica (D:10)
  3 alligators (Swamp:1)
  An ironbound frostheart (D:14)
  4 boulder beetles
  14 dancing weapons
  34 two-headed ogres
  5 centaur warriors
  A tengu warrior (D:14)
  5 death yaks
  Urug (D:11)
  A demonic crawler (Abyss:3)
  11 deep elf knights
  Nergalle (D:12)
  A sun demon (Abyss:3)
  A wretched star (Abyss:3)
  2 skysharks
  Lodul (D:13)
  A sixfirhy (Abyss:3)
  Amaemon (D:9)
  A spriggan druid (Swamp:2)
  4 wizards
  A bog body (Swamp:1)
  2 swamp dragons
  A lindwurm (Lair:5)
  4 deep elf archers (Elf:1)
  An orc knight (Orc:1)
  12 deep elf zephyrmancers
  13 ugly things
  16 deep elf pyromancers
  2 orc sorcerers
  A will-o-the-wisp (Swamp:2)
  A cyclops (shapeshifter) (D:15)
  6 elephants
  4 manticores
  4 cyclopes
  Maurice (D:9)
  2 water nymphs (Swamp:2)
  An orange demon (D:9)
  An ice statue (IceCv)
  11 cane toads
  2 molten gargoyles (Lair:5)
  5 black mambas
  2 gargoyles (D:12)
  Jeremiah (D:9)
  An unseen horror (Abyss:3)
  A torpor snail (Lair:1)
  A komodo dragon (shapeshifter) (D:15)
  16 komodo dragons
  3 rime drakes
  A tengu conjurer (D:12)
  8 trolls
  2 tyrant leeches (Swamp:1)
  A meliai (Lair:2)
  7 hornets
  14 polar bears
  A wolf spider simulacrum (Gauntlet)
  6 raiju (Abyss:3)
  20 blink frogs
  6 dream sheep (Lair:5)
  5 air elementals (Elf:1)
  2 centaur simulacra (Gauntlet)
  9 slime creatures
  14 spriggans
  6 wyverns
  A vampire (Abyss:3)
  A shadow (D:12)
  8 water elementals
  76 yaks
  6 fire elementals (Elf:1)
  2 humans (D:14)
  5 wraiths
  3 steam dragons
  7 basilisks
  16 vampire mosquitoes
  5 acid dragons
  3 small abominations (Abyss:3)
  9 swamp worms
  3 wargs
  Edmund (D:4)
  4 hell hounds (Lair:5)
  Duvessa (D:4)
  10 water moccasins
  7 black bears
  An ice beast (D:7)
  2 sky beasts
  2 swamp drakes (Swamp:2)
  16 orc warriors
  An ice dragon simulacrum (Gauntlet)
  53 ogres
  21 wolves
  12 centaurs
  A phantom (D:5)
  6 kobold brigands
  11 bullfrogs
  5 necrophages (Lair:4)
  A scorpion (D:7)
  7 earth elementals (Elf:1)
  A gnoll sergeant (Orc:2)
  18 wights
  Dowan (D:4)
  22 killer bees
  3 howler monkeys
  2 electric eels
  2 crimson imps
  4 lava snakes (Lair:5)
  A jelly (D:7)
  16 orc priests
  Crazy Yiuf (D:4)
  A gnoll bouda (D:8)
  4 hounds
  A sleepcap (D:4)
  4 iguanas
  12 orc wizards
  21 adders
  16 gnolls
  A river rat (D:3)
  A shadow imp (Gauntlet)
  16 white imps
  2 ufetubi
  A worm (D:4)
  3 dart slugs (D:1)
  79 orcs
  7 ball pythons
  7 endoplasms
  4 giant cockroaches
  10 goblins
  8 hobgoblins
  5 jackals (D:4)
  2 quokkas (D:1)
  8 bats
  6 frilled lizards
  35 kobolds
  4 rats
  A butterfly (Lair:1)
987 creatures vanquished.

Vanquished Creatures (others)
  A spriggan druid (Swamp:2)
  A deep elf archer (Elf:1)
  A molten gargoyle (Lair:5)
  2 bloated husks (Swamp:1)
  A spriggan (D:14)
  4 starspawn tentacles (Abyss:3)
10 creatures vanquished.

Grand Total: 997 creatures vanquished

Notes
Turn   | Place    | Note
-------+----------+-------------------------------------------
     0 | D:1      | ouz the Draconian Gladiator began the quest for the Orb.
     0 | D:1      | Reached XP level 1. HP: 17/17 MP: 1/1
   149 | D:1      | Reached XP level 2. HP: 25/25 MP: 2/2
   380 | D:1      | Reached skill level 1 in Stealth
   462 | D:1      | Reached XP level 3. HP: 30/30 MP: 3/3
   971 | D:2      | Found a faded altar of an unknown god.
  1105 | D:2      | Reached XP level 4. HP: 37/37 MP: 4/4
  1281 | D:2      | Reached skill level 4 in Long Blades
  1577 | D:2      | Identified a scroll of acquirement
  1577 | D:2      | Acquired the +8 falchion "Ogrebane" {protect, rPois SInv}
  2760 | D:4      | Reached XP level 5. HP: 45/45 MP: 5/5
  3029 | D:4      | Found a runed translucent door.
  3030 | D:4      | Noticed Crazy Yiuf
  3093 | D:4      | Noticed Dowan
  3095 | D:4      | Noticed Duvessa
  3124 | D:4      | Killed Duvessa
  3125 | D:4      | Reached skill level 5 in Long Blades
  3125 | D:4      | Reached XP level 6. HP: 43/52 MP: 6/6
  3130 | D:4      | Killed Dowan
  3188 | D:4      | Noticed Edmund
  3206 | D:4      | Killed Edmund
  3497 | D:4      | Your scales start taking on an icy white colour.
  3497 | D:4      | Reached XP level 7. HP: 50/59 MP: 7/7
  3497 | D:4      | Gained mutation: Your flesh is cold resistant. (rC+) [White
                  | Draconian growth]
  3666 | D:4      | Killed Crazy Yiuf
  3747 | D:5      | Entered Level 5 of the Dungeon
  3838 | D:5      | Reached skill level 6 in Long Blades
  4232 | D:5      | Found a sacrificial altar of Ru.
  4232 | D:5      | Found a bloodstained altar of Trog.
  4247 | D:5      | Found a shadowy altar of Dithmenos.
  4285 | D:5      | Reached skill level 5 in Fighting
  4285 | D:5      | Reached XP level 8. HP: 68/68 MP: 8/8
  5022 | D:6      | Reached skill level 7 in Long Blades
  5032 | D:6      | Reached skill level 5 in Dodging
  5620 | D:6      | Identified the +8 short sword of Indignation {freeze, Drain
                  | Fly Str+6 Stlth+}
  6009 | D:6      | Reached skill level 8 in Long Blades
  6009 | D:6      | Reached skill level 5 in Stealth
  6010 | D:6      | Reached XP level 9. HP: 56/75 MP: 9/9
  6473 | D:6      | Found a staircase to the Ecumenical Temple.
  6508 | Temple   | Entered the Ecumenical Temple
  6528 | Temple   | Became a worshipper of the Wu Jian Council
  6727 | D:7      | Found a flagged portal.
  6777 | Bailey   | Entered a bailey
  6908 | Bailey   | Reached skill level 9 in Long Blades
  7191 | Bailey   | Noticed a two-headed ogre
  7196 | Bailey   | Killed a two-headed ogre
  7197 | Bailey   | Reached XP level 10. HP: 57/86 MP: 10/10
  7361 | Bailey   | Reached * piety under Wu Jian
  7362 | Bailey   | Reached skill level 10 in Long Blades
  7637 | D:7      | Found Esiunugirch's Antique Weapon Emporium.
  8494 | D:8      | Reached ** piety under Wu Jian
  8516 | D:8      | Noticed a two-headed ogre
  8525 | D:8      | Killed a two-headed ogre
  8686 | D:8      | Reached skill level 11 in Long Blades
  9241 | D:9      | Noticed Jeremiah
  9249 | D:9      | Found a staircase to the Orcish Mines.
  9249 | D:9      | Noticed Maurice
  9339 | D:9      | Killed Maurice
  9340 | D:9      | Reached XP level 11. HP: 95/95 MP: 11/11
  9347 | D:9      | Reached *** piety under Wu Jian
  9660 | D:9      | Noticed a wizard
  9662 | D:9      | Noticed Amaemon
  9693 | D:9      | Killed Jeremiah
  9771 | D:9      | Killed a wizard
  9789 | D:9      | Killed Amaemon
 10173 | D:10     | Entered Level 10 of the Dungeon
 10175 | D:10     | Found Naerph's General Store.
 10192 | D:10     | Reached skill level 12 in Long Blades
 10202 | D:10     | Reached **** piety under Wu Jian
 10394 | D:10     | Bought a potion of heal wounds for 60 gold pieces
 10823 | D:10     | Found Hahejit's Antique Weapon Boutique.
 10928 | D:10     | Noticed a two-headed ogre
 10935 | D:10     | Killed a two-headed ogre
 11118 | D:10     | Noticed Erica
 11125 | D:10     | Killed Erica
 11194 | D:10     | Gained mutation: You occasionally lose the ability to read
                  | scrolls when taking damage. [potion of mutation]
 11194 | D:10     | Lost mutation: You occasionally lose the ability to read
                  | scrolls when taking damage. [potion of mutation]
 11194 | D:10     | Gained mutation: You have a pair of small antennae on your
                  | head. [potion of mutation]
 11195 | D:10     | Lost mutation: You have a pair of small antennae on your
                  | head. [potion of mutation]
 11195 | D:10     | Gained mutation: You have a pair of small horns on your
                  | head. [potion of mutation]
 11195 | D:10     | Gained mutation: You passively dampen the noise of your
                  | surroundings. [potion of mutation]
 11241 | D:11     | Noticed Urug
 11254 | D:11     | Killed Urug
 11311 | D:11     | Reached skill level 10 in Fighting
 11328 | D:11     | Noticed a two-headed ogre
 11340 | D:11     | Killed a two-headed ogre
 11341 | D:11     | Reached XP level 12. HP: 90/106 MP: 12/12
 11437 | D:11     | Reached skill level 13 in Long Blades
 11481 | D:11     | Found a staircase to the Lair.
 12168 | D:11     | Noticed a boulder beetle
 12194 | D:11     | Killed a boulder beetle
 12376 | Lair:1   | Entered Level 1 of the Lair of Beasts
 12583 | Lair:1   | Reached ***** piety under Wu Jian
 12741 | Lair:1   | Reached skill level 14 in Long Blades
 13534 | Lair:2   | Noticed a death yak
 13534 | Lair:2   | Noticed a death yak
 13534 | Lair:2   | Noticed a death yak
 13552 | Lair:2   | Reached skill level 10 in Stealth
 13552 | Lair:2   | Killed a death yak
 13553 | Lair:2   | Reached XP level 13. HP: 99/116 MP: 13/13
 13629 | Lair:2   | Found a frozen archway.
 13645 | IceCv    | Entered an ice cave
 13921 | IceCv    | Found the +4 skin of Zhor {*Englaciate rC+++ SInv}
 13977 | IceCv    | Reached skill level 10 in Dodging
 14166 | IceCv    | Reached skill level 15 in Long Blades
 14377 | IceCv    | Noticed a frost giant
 14406 | IceCv    | Killed a frost giant
 14439 | IceCv    | Identified the +4 trident of Corruption {elec, *Noise Str+4
                  | Int+4 Stlth+}
 14442 | IceCv    | Identified the +2 war axe "Yba Xeo" {flame, *Noise +Blink
                  | rF++ Str+9}
 15149 | Lair:2   | Noticed Gastronok
 15209 | Lair:2   | Reached ****** piety under Wu Jian
 15235 | Lair:2   | Killed Gastronok
 15464 | Lair:2   | Found a staircase to the Swamp.
 15631 | Lair:2   | Found a hole to the Spider Nest.
 16065 | Lair:3   | Reached XP level 14. HP: 114/127 MP: 14/14
 16683 | Orc:1    | Entered Level 1 of the Orcish Mines
 16697 | Orc:1    | Found Duofik's Antique Armour Shoppe.
 16718 | Orc:1    | Reached skill level 16 in Long Blades
 16755 | Orc:1    | Bought a pair of embroidered gloves for 217 gold pieces
 16876 | Orc:1    | Found Iwkufy's Jewellery Boutique.
 16884 | Orc:1    | Bought an amulet of guardian spirit for 420 gold pieces
 16907 | Orc:2    | Entered Level 2 of the Orcish Mines
 17378 | Orc:2    | Found Ucisac's Antique Weapon Boutique.
 17378 | Orc:2    | Found Mischem's Antique Armour Emporium.
 17378 | Orc:2    | Found Liamp's Book Shoppe.
 17378 | Orc:2    | Found Coimewityu's Jewellery Boutique.
 17450 | Orc:2    | Reached skill level 17 in Long Blades
 17497 | Orc:2    | Found a staircase to the Elven Halls.
 17972 | D:12     | Found a gate leading to a gauntlet.
 17984 | Gauntlet | Entered a Gauntlet
 17984 | Gauntlet | Found a transporter.
 17984 | Gauntlet | Found a transporter.
 17990 | Gauntlet | Found a transporter.
 17991 | Gauntlet | Found a runed translucent door.
 17991 | Gauntlet | Found a runed translucent door.
 18002 | Gauntlet | Found a transporter.
 18016 | Gauntlet | Found a large runed translucent door.
 18017 | Gauntlet | Found a large runed translucent door.
 18018 | Gauntlet | Found a large runed translucent door.
 18018 | Gauntlet | Found a large runed translucent door.
 18018 | Gauntlet | Found a large runed translucent door.
 18018 | Gauntlet | Found a large runed translucent door.
 18018 | Gauntlet | Found a large runed translucent door.
 18018 | Gauntlet | Found a large runed translucent door.
 18019 | Gauntlet | Found a runed translucent door.
 18019 | Gauntlet | Found a runed translucent gate.
 18020 | Gauntlet | Found a transporter.
 18020 | Gauntlet | Found a runed translucent gate.
 18020 | Gauntlet | Found a transporter.
 18020 | Gauntlet | Found a transporter.
 18022 | Gauntlet | Found a transporter.
 18022 | Gauntlet | Found a transporter.
 18034 | Gauntlet | Found a transporter.
 18050 | Gauntlet | Found a transporter.
 18058 | Gauntlet | Found a runed translucent door.
 18060 | Gauntlet | Found a transporter.
 18062 | Gauntlet | Found a runed translucent door.
 18065 | Gauntlet | Found a transporter.
 18091 | Gauntlet | Found a large runed translucent door.
 18092 | Gauntlet | Found a large runed translucent door.
 18093 | Gauntlet | Found a large runed translucent door.
 18093 | Gauntlet | Found a large runed translucent door.
 18093 | Gauntlet | Found a large runed translucent door.
 18093 | Gauntlet | Found a large runed translucent door.
 18094 | Gauntlet | Found a large runed translucent door.
 18094 | Gauntlet | Found a large runed translucent door.
 18094 | Gauntlet | Found a runed translucent gate.
 18094 | Gauntlet | Found a runed translucent door.
 18099 | Gauntlet | Found a transporter.
 18434 | Gauntlet | Identified the amulet "Deicasargh" {Spirit rN++ Int+5}
 18544 | Gauntlet | Identified the amulet of Huiwycuu {RegenMP Str+3}
 19114 | D:12     | Reached XP level 15. HP: 136/136 MP: 15/15
 19142 | D:12     | Noticed Nergalle
 19146 | D:12     | Killed Nergalle
 19253 | D:13     | Noticed Lodul
 19253 | D:13     | Noticed Jorgrun
 19632 | Lair:4   | Found a staircase to the Slime Pits.
 19991 | Lair:5   | Entered Level 5 of the Lair of Beasts
 20570 | Lair:5   | Found a large runed translucent door.
 20571 | Lair:5   | Found a large runed translucent door.
 21598 | D:13     | Killed Jorgrun
 21599 | D:13     | Reached skill level 18 in Long Blades
 21607 | D:13     | Killed Lodul
 22136 | D:14     | Found a broken altar of Ashenzari.
 22260 | D:14     | Found a white marble altar of Elyvilon.
 22263 | D:14     | Got the Codex of Guile
 22879 | D:14     | Found a gate to the Vaults.
 23283 | D:15     | Entered Level 15 of the Dungeon
 23305 | D:15     | Reached XP level 16. HP: 147/147 MP: 14/16
 23888 | D:15     | Found a portal to a secret trove of treasure.
 24310 | D:15     | Found a radiant altar of Vehumet.
 24541 | D:15     | Found a staircase to the Depths.
 24863 | Elf:1    | Entered Level 1 of the Elven Halls
 24863 | Elf:1    | Found a runed translucent gate.
 24863 | Elf:1    | Found a runed translucent gate.
 24863 | Elf:1    | Found a runed translucent gate.
 24863 | Elf:1    | Found a runed translucent gate.
 24863 | Elf:1    | Found a runed translucent gate.
 24863 | Elf:1    | Found a runed translucent gate.
 25115 | Orc:1    | Reached skill level 19 in Long Blades
 25184 | Orc:1    | Found Taolydad's Weapon Shop.
 25226 | Orc:1    | Found Gul Uwu's Book Shoppe.
 25333 | Elf:1    | Found a runed translucent door.
 25440 | Elf:1    | Found a runed translucent door.
 25440 | Elf:1    | Noticed confidenceinterval's ghost (journeyman MiCA)
 25455 | Elf:1    | Found Nyozaf's Weapon Emporium.
 25574 | Elf:1    | Reached skill level 15 in Fighting
 25717 | Elf:1    | Paralysed by an air elemental for 1 turns
 25864 | Elf:1    | Found Risk's Jewellery Shop.
 25864 | Elf:1    | Found Xaelev's Assorted Antiques.
 25874 | Elf:1    | Bought a potion of heal wounds for 190 gold pieces
 25886 | Elf:1    | Bought the amulet "Qarphorut" {Reflect rF+ rC+ SH+5 Stlth+}
                  | for 968 gold pieces
 26162 | Elf:1    | Found a runed translucent door.
 26206 | Abyss:3  | Found a corrupted altar of Lugonu.
 26206 | Abyss:3  | Cast into level 3 of the Abyss (confidenceinterval's ghost)
 26211 | Abyss:3  | Found a corrupted altar of Lugonu.
 26215 | Abyss:3  | Found a corrupted altar of Lugonu.
 26217 | Elf:1    | Escaped the Abyss
 26238 | Elf:1    | Killed confidenceinterval's ghost
 26250 | Elf:1    | Identified the +1 hat "Buefer" {Str+2 Dex+3}
 26726 | Elf:1    | Paralysed by an air elemental for 1 turns
 26735 | Elf:1    | Paralysed by an air elemental for 1 turns
 27092 | Elf:1    | Found an ancient bone altar of Kikubaaqudgha.
 27685 | Abyss:3  | Found a corrupted altar of Lugonu.
 27685 | Abyss:3  | Cast into level 3 of the Abyss (a deep elf sorcerer)
 27690 | Abyss:3  | Found a corrupted altar of Lugonu.
 27762 | Abyss:3  | Noticed a tentacled starspawn
 27769 | Abyss:3  | Killed a tentacled starspawn
 27795 | Abyss:3  | Found a corrupted altar of Lugonu.
 27952 | Abyss:3  | Noticed a tentacled starspawn
 27963 | Abyss:3  | Killed a tentacled starspawn
 28026 | Abyss:3  | Noticed a bone dragon
 28043 | Abyss:3  | Killed a bone dragon
 28053 | Elf:1    | Escaped the Abyss
 28438 | Swamp:1  | Entered Level 1 of the Swamp
 28439 | Swamp:1  | Noticed Donald
 28452 | Swamp:1  | Killed Donald
 28683 | Swamp:1  | Reached XP level 17. HP: 95/156 MP: 17/17
 29053 | Swamp:1  | Identified the +8 plate armour of Xeng {Will- rCorr Str-4
                  | Int+8}
 29328 | Swamp:2  | Reached skill level 20 in Long Blades
 29356 | Swamp:2  | Noticed Nikola
 29373 | Swamp:2  | Killed Nikola
 30613 | Elf:2    | Found a runed translucent gate.
 30615 | Elf:2    | Found a runed translucent gate.
 30615 | Elf:2    | Found a runed translucent gate.
 30712 | Elf:2    | Mangled by a +2 executioner's axe of electrocution

Illustrated notes

Levels and vault maps discovered:
D:1:      kennysheep_arrival_forest, layout_basic, minmay_pentomino_t2
D:2:      layout_basic, hellmonk_ecumenical_altar_crossroads
D:3:      layout_basic, portal_sewer_entry_b
D:4:      layout_loops_ring, uniq_duvessa, uniq_edmund, uniq_crazy_yiuf_cottage
D:5:      layout_layer_cave, gammafunk_temple_overflow_forgotten
D:6:      layout_rooms, temple_doors_ab, roderic_lattice_a,
          nicolae_twisty_statue_hallways
D:7:      layout_gridville, serial_shops, shop, enter_bailey_5
D:8:      layout_rooms
D:9:      layout_roguey, orc_david_3, lightli_wizard_tower, uniq_maurice,
          uniq_amaemon, uniq_jeremiah
D:10:     layout_roguey, serial_shops, shop, nicolae_shop_stone, uniq_erica
D:11:     layout_loops_corners, erik_lair_orcish_takeover, uniq_urug
D:12:     layout_rooms, gauntlet_entry_generic, minmay_fire_ice_demons,
          uniq_nergalle
D:13:     layout_basic, uniq_lodul, uniq_jorgrun
D:14:     dreamdust_experimentation, layout_basic, hellmonk_vaults_keyhole,
          elyvilon_altar_5, ashenzari_altar_1
D:15:     grunt_enter_depths_hoard, layout_irregular_city, serial_bayou_pond_e,
          nicolae_trove_entry_columns, nicolae_vehumet_altar_sigil
Temple:   nicolae_temple_bog_church
Lair:1:   minmay_lair_venomous_thicket, layout_cellular_growth,
          lemuel_fruit_fields
Lair:2:   layout_big_grid, minmay_swamp_entry_swarm,
          hellmonk_spider_entry_not_the_bees, portal_ice_cave_entry_imps,
          grunt_megastairs_2, uniq_gastronok
Lair:3:   layout_loops_ring, forest_entry_grove
Lair:4:   layout_hall_layers, dpeg_slime_entry_enclosed, roderic_carrion_pond,
          lemuel_fruit_fields, lemuel_fruit_tree
Lair:5:   cheibrodos_lair_end_hotspot, layout_concentric_octagons,
          grunt_forest_large_clearings
Swamp:1:  layout_falls_marsh, hangedman_swamp_pad, swamp_pool1, uniq_donald
Swamp:2:  layout_basic_swamp, evilmike_swamp_ruin_house_5, swamp_pool2,
          nicolae_swamp_nymph_family_reunion, uniq_nikola
Orc:1:    layout_diamond_mine, basic_altar, serial_shops, shop,
          nicolae_shop_pleasant_corner_grove, shop, nicolae_shop_trees
Orc:2:    st_orc_ogre_mass, layout_caves, basic_altar, special_room,
          mines2_david
Elf:1:    nicolae_elf_arrival_dilemma, layout_gridlike, basic_altar,
          hellmonk_ghost_big_iron, serial_shops, shop,
          kennysheep_underground_church, nicolae_elf_loose_elemental_storage,
          minmay_shoptagon
Elf:2:    nicolae_elf_blades_crystal_corner, layout_geoelf_octagon, special_room
          [special_room_orc]

Skill      XL: |  1  2  3  4  5  6  7  8  9 10 11 12 13 14 15 16 17 |
---------------+----------------------------------------------------+-----
Stealth        | 1 2 3 5 6 7 8 10 11 12 13 14 | 14.6
Dodging        | 3 4 5 6 7 8 9 10 11 12 13 14 | 14.1
Fighting       | 3 4 5 6 7 8 10 11 12 13 14 15 16 | 16.4
Long Blades    | 4 5 6 8 9 11 12 14 15 17 18 19 20 | 20.2
Throwing       | |  1.7

Action                     |  1- 3 |  4- 6 |  7- 9 | 10-12 | 13-15 | 16-18 || total
---------------------------+-------+-------+-------+-------+-------+-------++-------
  Melee: Long sword        |   115 |    21 |       |       |       |       ||   136
         Tailslap          |    12 |    12 |    27 |   150 |   262 |   157 ||   620
         Falchion          |       |    97 |   266 |   543 |       |       ||   906
         Punch             |       |       |     1 |     7 |       |       ||     8
         Great sword       |       |       |       |   447 |  1515 |   922 ||  2884
         Headbutt          |       |       |       |    86 |   379 |   248 ||   713
  Throw: Throwing net      |     2 |     3 |       |       |       |       ||     5
 Invoke: Serpent's Lash    |       |       |       |     7 |     5 |     8 ||    20
         Heavenly Storm    |       |       |       |       |     1 |     1 ||     2
Ability: Breathe Frost     |       |       |     7 |     3 |     7 |     1 ||    18
         Lunge             |       |       |    10 |    42 |    70 |    56 ||   178
         Whirlwind         |       |       |       |   329 |   230 |   117 ||   676
         Wall Jump         |       |       |       |    14 |     5 |     2 ||    21
  Evoke: Wand              |       |       |     6 |       |     1 |       ||     7
    Use: Scroll            |     4 |     6 |     7 |    10 |     3 |     9 ||    39
         Potion            |       |     2 |     2 |     9 |     6 |     5 ||    24
   Stab: Sleeping          |     3 |     4 |     2 |    10 |    38 |    25 ||    82
         Held in net/web   |     1 |     3 |       |       |       |       ||     4
         Distracted        |       |       |       |     2 |     5 |     5 ||    12
         Invisible         |       |       |       |     1 |       |       ||     1
         Confused          |       |       |       |       |       |     1 ||     1
 Armour: Skin              |    51 |    58 |   207 |   468 |   803 |   346 ||  1933
  Dodge: Dodged            |    73 |    59 |   255 |   977 |  1843 |   776 ||  3983
  Block: Other             |       |       |       |       |       |    96 ||    96
         Reflection        |       |       |       |       |       |     7 ||     7

Table legend: (Time is in decaauts)
 A = Elapsed time spent in this place.
 B = Non-inter-level travel time spent in this place.
 C = Inter-level travel time spent in this place.
 D = Time resting spent in this place.
 E = Time spent auto-exploring this place.
 F = Levels seen in this place.
 G = Mean time per level.
                   A        B        C        D        E       F      G
               +--------+--------+--------+--------+--------+-----+--------+
         Total |  30632 |  27936 |   2696 |   3039 |  18136 |  32 |  957.2 |
       Dungeon |  15891 |  14658 |   1233 |    868 |  10983 |  15 | 1059.4 |
        Temple |     40 |      1 |     39 |      0 |      0 |   1 |   40.0 |
          Lair |   5593 |   5058 |    535 |    220 |   3364 |   5 | 1118.6 |
         Swamp |   1842 |   1739 |    103 |    453 |    918 |   2 |  921.0 |
  Orcish Mines |   1841 |   1278 |    563 |      0 |    868 |   2 |  920.5 |
   Elven Halls |   2760 |   2539 |    221 |    715 |   1117 |   2 | 1380.0 |
         Abyss |    355 |    355 |      0 |      0 |    147 |   2 |  177.5 |
        Bailey |    740 |    740 |      0 |    525 |     81 |   1 |  740.0 |
      Ice Cave |    977 |    977 |      0 |    116 |    533 |   1 |  977.0 |
      Gauntlet |    588 |    588 |      0 |    142 |    122 |   1 |  588.0 |
               +--------+--------+--------+--------+--------+-----+--------+

Top non-repeatable levels by time:
   Elf:1: 2517 daAuts
     D:5: 1770 daAuts
  Lair:5: 1439 daAuts
  Lair:2: 1434 daAuts
   Orc:2: 1429 daAuts
    D:15: 1361 daAuts
    D:11: 1290 daAuts
    D:10: 1247 daAuts
  Lair:1: 1228 daAuts
     D:9: 1213 daAuts
    D:14: 1182 daAuts
     D:7: 1117 daAuts
     D:6: 1041 daAuts
     D:2: 1036 daAuts
     D:4: 996 daAuts
